 Dungeon Crawl Stone Soup version 0.28.0-43-g3370ac3207 (webtiles) character file.

Game seed: 14434759060250505244

141 vvl the Stinger (level 5, 0/38 HPs)
             Began as a Demonspawn Venom Mage on Mar 14, 2022.
             Slain by Menkaure (19 damage)
             ... on level 4 of the Dungeon.
             The game lasted 00:06:44 (4099 turns).

vvl the Stinger (Demonspawn Venom Mage)             Turns: 4099, Time: 00:06:45

Health: 0/38       AC:  3    Str:  8    XL:     5   Next: 3%
Magic:  9/9        EV: 21    Int: 24    God:
Gold:   84         SH:  0    Dex: 14    Spells: 4/9 levels left

rFire   . . .      SeeInvis .   o - +3 dagger
rCold   . . .      Faith    .   (no shield)
rNeg    . . .      Spirit   .   a - +0 robe
rPois   .          Reflect  .   (no helmet)
rElec   .          Harm     .   (no cloak)
rCorr   .          Rampage  .   f - +0 pair of gloves
Will    .....                   (no boots)
Stlth   ++........              (no amulet)
HPRegen 0.12/turn               k - +4 ring of evasion
MPRegen 0.11/turn               l - +6 ring of intelligence

@: agile
A: foul stench 2, powered by pain 1
a: no special abilities


You were on level 4 of the Dungeon.
You visited 1 branch of the dungeon, and saw 4 of its levels.

You collected 84 gold pieces.

Inventory:

Hand Weapons
 o - a +3 dagger (weapon)
Armour
 a - a +0 robe (worn)
 f - a +0 pair of gloves (worn)
Jewellery
 i - a ring of flight
 k - a +4 ring of evasion (left hand)
 l - a +6 ring of intelligence (right hand)
Scrolls
 b - a scroll of enchant weapon {unknown}
 c - a scroll of brand weapon {unknown}
 d - a scroll of teleportation {unknown}
 j - a scroll of holy word {unknown}
 m - a scroll of blinking {unknown}
 p - 2 scrolls of identify {unknown}
 r - a scroll of enchant armour {unknown}
Potions
 e - a potion of lignification {unknown}
 g - a potion of magic
 h - a potion of haste {unknown}
 n - a potion of curing
 q - a potion of brilliance {unknown}


   Skills:
 + Level 1.6 Fighting
 - Level 2.0 Dodging
 - Level 2.0 Stealth
 + Level 2.7 Spellcasting
 + Level 1.8 Transmutations
 * Level 4.3 Poison Magic


You had 4 spell levels left.
You knew the following spells:

 Your Spells              Type           Power      Damage    Failure   Level
a - Sting                 Tmut/Pois      72%        1d6       3%          1
b - Olgreb's Toxic Radia  Pois           23%        N/A       19%         4

Your spell library contained the following spells:

 Spells                   Type           Power      Damage    Failure   Level
 Poisonous Vapours        Pois/Air       26%        N/A       7%          2
 Magic Dart               Conj           12%        1d3       11%         1
 Searing Ray              Conj           6%         2d4       17%         2
 Mephitic Cloud           Conj/Pois/Air  10%        N/A       19%         3
 Fulminant Prism          Conj/Hex       1%         3d6       73%         4


Dungeon Overview and Level Annotations

Branches:
Dungeon (4/15)
 Temple: D:4-7

Altars:

Annotations:
D:4 Menkaure


Innate Abilities, Weirdness & Mutations

You sometimes emit foul miasma when damaged in melee.
You sometimes gain a little power by taking damage.


Message History

Found a spear.
There are monsters nearby!
There are monsters nearby!
There are monsters nearby!
There are monsters nearby!
There is an open door here.
You hit Menkaure.
Menkaure is lightly damaged.
Menkaure gestures wildly while chanting.
Menkaure seems to speed up.
The ball python barely misses you. The ball python grabs you.
The ball python constricts you.
An orc comes into view. It is wielding a +0 trident.
You escape the ball python's grasp.
Menkaure casts a spell at you. Pain shoots through your body!
You focus on the pain.
You feel agile all of a sudden.
The orc shouts!
Menkaure calls on the powers of darkness!
Your body is wracked with pain!
The orc convulses!
The ball python bites you but does no damage.
The ball python grabs you. The ball python constricts you.
You hit the ball python.
You kill the ball python!
Menkaure gestures at you while chanting.
Pain shoots through your body!
* * * LOW HITPOINT WARNING * * *
An orc comes into view. It is wielding a +0 club.
It was a potion of magic.
Magic courses through your body. Menkaure barely misses you.
It was a potion of curing.
You feel better.
The orc shouts!
Menkaure completely misses you.
You hit Menkaure.
Menkaure is moderately damaged.
Menkaure completely misses you.
You hit Menkaure but do no damage.
Menkaure is moderately damaged.
Menkaure hits you!!
Ouch! That really hurt!
You die...

###### #.(@.#
#####.##M#
#.....#...#
#.....#.o.#
#.....#...#
#########.....#...o
..............##...#
..##..........##...)
..............###....


You could see Menkaure (fast) and 2 orcs.

Vanquished Creatures
  Robin (D:4)
  2 adders
  An ufetubus (D:3)
  A dart slug (D:1)
  6 orcs (D:3)
  7 ball pythons
  10 bats
  7 endoplasms
  2 giant cockroaches (D:3)
  14 goblins
  16 hobgoblins
  10 kobolds
  3 quokkas
  4 frilled lizards
  2 rats (D:1)
86 creatures vanquished.

Notes
Turn   | Place    | Note
-------+----------+-------------------------------------------
     0 | D:1      | vvl the Demonspawn Venom Mage began the quest for the Orb.
     0 | D:1      | Reached XP level 1. HP: 13/13 MP: 3/3
   211 | D:1      | Reached skill level 1 in Transmutations
   275 | D:1      | Gained mutation: You may rarely emit foul miasma when
                  | damaged in melee. [demonic ancestry]
   275 | D:1      | Reached XP level 2. HP: 19/19 MP: 0/5
   573 | D:1      | HP: 1/20 [endoplasm (2)]
  1444 | D:1      | Reached XP level 3. HP: 25/25 MP: 3/6
  1879 | D:2      | Reached skill level 1 in Fighting
  3342 | D:3      | Gained mutation: You sometimes gain a little power by
                  | taking damage. [demonic ancestry]
  3342 | D:3      | Reached XP level 4. HP: 32/32 MP: 7/7
  3462 | D:3      | Reached skill level 4 in Poison Magic
  3899 | D:3      | Learned a level 4 spell: Olgreb's Toxic Radiance
  3951 | D:4      | Noticed Robin
  3955 | D:4      | Killed Robin
  3956 | D:4      | Gained mutation: You sometimes emit foul miasma when
                  | damaged in melee. [demonic ancestry]
  3956 | D:4      | Reached XP level 5. HP: 37/37 MP: 2/9
  4090 | D:4      | Noticed Menkaure
  4099 | D:4      | Slain by Menkaure

Illustrated notes

Levels and vault maps discovered:
D:1:      minmay_arrival_three_doors, layout_basic, palyth_stone_intersect
D:2:      layout_loops_corners
D:3:      layout_rooms, minmay_surrounded
D:4:      layout_basic, lightli_corner_chamber, uniq_menkaure, uniq_robin

Skill      XL: |  1  2  3  4 |
---------------+-------------+-----
Transmutations | 1 |  1.8
Stealth        | 2 |  2.0
Dodging        | 2 |  2.0
Fighting       | 1 |  1.6
Poison Magic   | 4 |  4.3
Spellcasting   | |  2.7

Action                   |  1- 3 |  4- 6 || total
-------------------------+-------+-------++-------
Melee: Unarmed           |    20 |       ||    20
       Short sword       |    16 |       ||    16
       Dagger            |     1 |    48 ||    49
 Cast: Sting             |    83 |    27 ||   110
       Olgreb's Toxic Ra |       |     1 ||     1
  Use: Potion            |       |     2 ||     2
Armor: Robe              |    11 |    16 ||    27
Dodge: Dodged            |    47 |    72 ||   119
